Map: Moonlight Madness LE (Void)

Players

wabbajack

  • Race: Zerg Zerg
  • League: Gold

Bubushka - Winner!

  • Race: Terran Terran
  • League: Bronze

VOD

Have the link to the VOD?

Description

Time

  • Played on: July 20, 2015, 12:25 p.m.
  • Length: 10:18
Show
View Real Time Build Order
Export as new Build Order

wabbajack Zerg 

Build Orders: Hatch First 

Get SALT Encoding   

  12  0:01  Drone  
  13  0:13  Overlord  
  13  0:26  Drone  
  14  0:29  Drone, Extractor  
  14  0:32  Drone  
  16  0:37  Drone  
  17  0:56  Hatchery  
  16  0:59  Drone  
  16  1:01  Drone  
  16  1:03  Extractor  
  17  1:19  Spawning Pool  
  17  1:23  Drone  
  17  1:42  Drone x3  
  20  2:02  Extractor  
  20  2:05  Metabolic Boost  
  20  2:06  Queen  
  20  2:07  Queen  
  23  2:09  Zergling x2  
  23  2:12  Drone x2  
  26  2:19  Drone  
  27  2:27  Overlord  
  27  2:32  Baneling Nest  
  26  2:45  Pneumatized Carapace  
  26  2:50  Drone  
  26  2:51  Drone  
  28  2:52  Zergling x4  
  28  2:57  Zergling x4  
  32  3:11  Zergling x4  
  33  3:32  Overlord x2  
  33  3:37  Roach Warren  
  33  3:38  Baneling  
  33  3:39  Baneling x3  
  32  3:47  Spine Crawler  
  31  3:55  Spine Crawler  
  30  3:56  Spine Crawler  
  29  4:23  Zergling x6  
  32  4:26  Zergling x8  
  32  4:27  Zergling x4  
  36  5:05  Drone x5  
  36  5:07  Drone x2  
  42  5:12  Baneling  
  42  5:13  Baneling x3  
  33  5:38  Spine Crawler  
  32  5:44  Roach  
  32  5:45  Roach x5  
  44  6:08  Baneling x2  
  44  6:10  Overlord x2  
  44  6:11  Overlord  
  44  6:16  Hatchery  
  43  6:19  Overlord  
  43  6:38  Lair  
  43  6:41  Drone x4  
  43  6:42  Drone x2  
  43  6:43  Drone  
  35  7:21  Drone x5  
  35  7:22  Drone x6  
  46  7:23  Drone x5  
  51  7:31  Evolution Chamber  
  50  7:40  Drone x2  
  50  7:41  Drone  
  53  7:44  Extractor  
  53  7:47  Extractor  
  53  7:49  Drone x3  
  53  7:50  Drone x3  
  54  8:13  Zerg Missile Weapons Level 1  
  54  8:14  Roach x2  
  54  8:15  Roach x5  
  54  8:16  Roach x3  
  73  8:50  Queen  
  73  8:51  Overlord x4  
  73  8:54  Glial Reconstitution  
  75  8:59  Hydralisk Den  
  75  9:02  Overlord x2  
  74  9:04  Overseer  
  74  9:14  Spire  
  73  9:20  Spore Crawler  
  73  9:21  Spine Crawler  
  73  9:22  Drone x3, Spine Crawler  
  73  9:28  Drone  
  73  9:29  Drone x3  
  77  9:37  Hydralisk x3, Roach x3  
  77  9:38  Roach x2  
Show
View Real Time Build Order
Export as new Build Order

Bubushka Terran - Winner!

Build Orders: Command Center First (CC), MMM Bio 

Get SALT Encoding   

  12  0:02  SCV  
  13  0:14  SCV  
  14  0:26  SCV  
  15  0:29  Supply Depot  
  15  0:51  SCV  
  16  1:01  Command Center  
  16  1:08  Barracks  
  16  1:11  SCV  
  17  1:19  Refinery  
  17  1:23  SCV  
  18  1:35  SCV  
  19  1:48  SCV  
  20  1:54  Marine  
  20  1:57  Barracks  
  20  2:00  Orbital Command  
  21  2:07  Supply Depot  
  22  2:18  Orbital Command  
  22  2:20  Marine  
  22  2:34  Factory  
  22  2:40  SCV  
  22  2:43  Barracks Reactor  
  23  2:46  SCV  
  23  2:51  Marine  
  24  2:52  SCV  
  26  2:58  SCV  
  26  3:02  Supply Depot  
  26  3:04  SCV  
  28  3:09  Marine  
  28  3:10  SCV  
  30  3:16  SCV  
  30  3:23  SCV  
  31  3:28  Armory, SCV  
  31  3:32  Barracks Tech Lab  
  31  3:33  Supply Depot  
  32  3:35  SCV, Hellion x2  
  32  3:40  SCV  
  38  3:41  Marine  
  38  3:47  SCV  
  40  3:52  SCV  
  41  3:57  Supply Depot  
  41  3:58  Hellion x2  
  41  3:59  SCV, Marine  
  41  4:00  Marine  
  48  4:04  SCV  
  48  4:06  Stimpack  
  49  4:11  SCV  
  49  4:16  SCV  
  51  4:17  Marine x2  
  51  4:19  Supply Depot, Hellion  
  51  4:23  SCV  
  56  4:28  SCV  
  57  4:35  SCV, Marine x2  
  42  4:42  SCV  
  36  4:47  SCV  
  37  4:52  Marine  
  37  4:53  Marine  
  37  4:54  SCV  
  37  4:59  SCV  
  41  5:02  Hellion x2  
  41  5:07  SCV  
  46  5:10  Marine  
  46  5:11  SCV, Marine  
  49  5:15  Refinery  
  49  5:16  Refinery  
  49  5:17  Supply Depot  
  49  5:19  SCV  
  50  5:23  Hellion  
  50  5:24  SCV  
  50  5:28  Marine  
  52  5:29  Marine  
  52  5:31  SCV  
  47  5:36  SCV  
  48  5:43  SCV, Starport  
  48  5:46  Marine  
  48  5:47  Supply Depot, Marine  
  48  5:48  SCV  
  50  5:55  SCV  
  51  6:00  SCV  
  52  6:06  Refinery  
  52  6:07  SCV  
  54  6:12  SCV  
  54  6:16  Combat Shields  
  54  6:19  Barracks Reactor, SCV  
  54  6:24  SCV  
  56  6:29  Marine  
  56  6:30  Widow Mine x2  
  56  6:31  SCV  
  60  6:33  Medivac  
  60  6:36  SCV  
  60  6:38  Supply Depot  
  63  6:43  SCV  
  64  6:47  Marine  
  64  6:48  Command Center, SCV  
  64  6:51  Supply Depot  
  66  6:55  SCV  
  66  6:56  Marine  
  66  6:57  Marine  
  66  6:59  Widow Mine x2  
  66  7:00  SCV  
  74  7:05  Marine  
  74  7:08  SCV  
  74  7:12  SCV  
  75  7:20  SCV  
  75  7:22  Supply Depot  
  76  7:25  SCV, Starport Reactor  
  76  7:28  Barracks x2  
  77  7:31  Barracks  
  77  7:32  SCV, Marine x3  
  82  7:37  SCV  
  82  7:42  Supply Depot  
  83  7:44  SCV  
  83  7:45  Engineering Bay  
  83  7:49  SCV, Marine  
  83  7:50  Marine  
  86  7:56  SCV  
  87  8:01  SCV  
  87  8:02  Marine  
  88  8:07  Marine x2  
  88  8:08  SCV  
  91  8:13  SCV, Orbital Command  
  92  8:20  SCV, Marauder  
  92  8:21  Barracks Reactor  
  92  8:22  Barracks Tech Lab  
  92  8:25  SCV, Marine x2  
  95  8:30  Barracks Tech Lab  
  95  8:32  SCV  
  93  8:37  SCV  
  91  8:41  Marauder  
  91  8:42  Marine  
  91  8:43  Marine x2, Widow Mine x2  
  91  8:44  SCV  
  91  8:46  Missile Turret  
  91  8:48  Missile Turret  
  101  8:49  SCV  
  101  8:54  Engineering Bay  
  102  8:56  SCV  
  102  8:58  Refinery  
  102  9:00  Marauder, Marine x3  
  102  9:01  SCV  
  109  9:03  Marauder, Medivac  
  109  9:05  Medivac  
  109  9:08  SCV  
  116  9:11  SCV, Widow Mine  
  116  9:12  Marine x2  
  121  9:18  Marauder, Marine x2  
  121  9:21  Marauder  
  127  9:24  Marauder  
  127  9:26  Supply Depot  
  127  9:29  Marine  
  127  9:30  Marine  
  131  9:33  Medivac  
  131  9:35  Marine, Medivac  
  131  9:36  Marine  
  137  9:39  Marauder  
  137  9:43  Marauder  
  141  9:48  Marine x3  
  144  9:53  Marine x2  
  144  9:55  Supply Depot  
  144  9:59  Supply Depot  
Tags
 
Add a new tag
Caveats
  • Supply blocks, unpowered buildings, or Contaminate may cause inaccurate times.
  • Supply counts are checked every 10 seconds.